 Dungeon Crawl Stone Soup version 0.18.1-47-g9310371 (webtiles) character file.

2727 Peloso the Protected (level 9, 0/79 HPs)
             Began as a Minotaur Fighter on June 23, 2016.
             Was an Elder of Okawaru.
             Slain by a sheep (3 damage)
             ... led by a cyclops
             ... on level 8 of the Dungeon.
             The game lasted 00:20:09 (6645 turns).

Peloso the Protected (Minotaur Fighter)             Turns: 6645, Time: 00:20:14

Health: 0/79       AC: 13    Str: 21    XL:     9   Next: 40%
Magic:  8/8        EV:  9    Int:  5    God:    Okawaru [****..]
Gold:   469        SH: 11    Dex: 13    Spells: 0 memorised, 8 levels left

rFire  . . .     SeeInvis .     C - +3 scimitar
rCold  . . .     Gourm    .     r - +0 chain mail
rNeg   . . .     Faith    +     c - +0 shield
rPois  .         Spirit   .     (helmet restricted)
rElec  .         Dismiss  .     (no cloak)
rCorr  +         Reflect  .     v - +0 pair of gloves
SustAt .         Harm     .     q - +0 pair of boots
MR     .....                    A - amulet of faith
Stlth  ..........               (no ring)
                                k - ring of resist corrosion

@: very slightly contaminated, not resistant to hostile enchantments, extremely
unstealthy
A: retaliatory headbutt, horns 2
a: Heroism, Renounce Religion


You were on level 8 of the Dungeon.
You worshipped Okawaru.
Okawaru was greatly pleased with you.
You were not hungry.

You visited 2 branches of the dungeon, and saw 9 of its levels.
You also visited: Sewer.

You collected 469 gold pieces.

Inventory:

Hand Weapons
 a - a +1 long sword
 C - a +3 scimitar (weapon)
Armour
 b - a +0 scale mail
 c - a +0 shield (worn)
 q - a +0 pair of boots (worn)
 r - a +0 chain mail (worn)
 v - a +0 pair of gloves (worn)
Jewellery
 g - an uncursed amulet of rage
 k - a ring of resist corrosion (left hand)
 A - an amulet of faith (around neck)
Wands
 t - a wand of slowing (41/48)
 y - a wand of paralysis (16/24)
Scrolls
 e - 4 scrolls of remove curse
 h - 2 scrolls of magic mapping
 m - a scroll of recharging
Potions
 d - a potion of might
 l - 7 potions of agility
 n - 3 potions of curing
 p - 3 potions of heal wounds
 u - a potion of experience
 w - 2 potions of flight
 x - 2 potions of invisibility
 B - a potion of resistance
Comestibles
 f - 10 bread rations
 i - 8 chunks of flesh
 j - 4 fruits
 o - a royal jelly
 s - 2 beef jerkies
 z - 4 meat rations
 D - a slice of pizza


   Skills:
 + Level 7.3 Fighting
 + Level 7.3 Long Blades
 + Level 8.4 Armour
 + Level 5.5 Dodging
 + Level 1.1 Stealth
 + Level 7.9 Shields


You had 8 spell levels left.
You didn't know any spells.

Dungeon Overview and Level Annotations

Branches:
Dungeon (8/15)             Temple (1/1) D:4
   Lair: D:8-11

Altars:
Dithmenos
Elyvilon
Fedhas
Kikubaaqudgha
Makhleb
Okawaru
Qazlal
Ru
Sif Muna
Trog
The Shining One

Shops:
D:4 *   D:5 %   D:6 }


Innate Abilities, Weirdness & Mutations

You reflexively headbutt those who attack you in melee.
You have a pair of horns on your head.


Message History

You block the sheep's attack. The cyclops hits you!!
* * * LOW HITPOINT WARNING * * *
You slash the cyclops! You headbutt the cyclops.
The cyclops is lightly wounded.
The sheep bites you but does no damage. You block the sheep's attack.
The cyclops closely misses you. You furiously retaliate!
You headbutt the cyclops! You slash the cyclops!
The cyclops is severely wounded.
The sheep bites you but does no damage. You block the sheep's attack.
The cyclops completely misses you. You furiously retaliate!
You headbutt the cyclops. You hit the cyclops but do no damage.
Your headbutt misses the cyclops.
The cyclops is severely wounded.
The sheep bites you.
* * * LOW HITPOINT WARNING * * *
The sheep bites you!
* * * LOW HITPOINT WARNING * * *
You block the sheep's attack. The sheep bites you.
You die...

# ###### # #....############## #
#....#........#.... #
#....#........#.... #
#....#........#.... #
#.C..#...###'###### #######
#Y@Y.#...#......... ......#
#.(..#####......... ......#
#.................. ......#
#.................. ....(.######
#.............##### #####......##
#####.....#####.... #.......#
#.....#...#.... #....#..#
#.....#...#....
#####....#+########.....#..##....


You could see a cyclops and 2 sheep.

Vanquished Creatures
  A spriggan (D:7)
  An ice beast (D:8)
  A phantom (D:8)
  3 ogres
  3 necrophages
  A centaur (D:7)
  3 big kobolds
  5 giant frogs
  A scorpion (D:8)
  6 killer bees (D:7)
  4 wights (D:6)
  An electric eel (D:7)
  2 crimson imps (D:6)
  2 hounds
  An orc priest (D:5)
  3 iguanas
  5 orc wizards
  2 worker ants
  A sheep (D:8)
  14 adders
  3 oozes
  An adder skeleton (D:8)
  An adder zombie (D:5)
  A worm (D:2)
  A dart slug (D:1)
  3 giant geckos
  31 orcs
  3 ball pythons
  8 giant cockroaches
  8 goblins
  6 hobgoblins
  13 jackals
  2 quokkas
  8 bats
  A giant gecko skeleton (D:4)
  A giant gecko zombie (D:5)
  7 giant newts
  21 kobolds
  A quokka zombie (D:7)
  10 rats
190 creatures vanquished.

Notes
Turn   | Place    | Note
--------------------------------------------------------------
     0 | D:1      | Peloso the Minotaur Fighter began the quest for the Orb.
     0 | D:1      | Reached XP level 1. HP: 19/19 MP: 0/0
   128 | D:1      | Reached XP level 2. HP: 26/27 MP: 1/1
   207 | D:1      | Reached skill level 4 in Armour
   921 | D:2      | Reached XP level 3. HP: 20/33 MP: 2/2
  1427 | D:2      | Found a blossoming altar of Fedhas.
  1430 | D:2      | Found an ancient bone altar of Kikubaaqudgha.
  1496 | D:2      | Reached XP level 4. HP: 33/40 MP: 3/3
  1752 | D:3      | Reached skill level 1 in Dodging
  1802 | D:3      | Found an iron altar of Okawaru.
  1816 | D:3      | Found a burning altar of Makhleb.
  1817 | D:3      | Found a shadowy altar of Dithmenos.
  1826 | D:3      | Became a worshipper of Warmaster Okawaru
  1879 | D:3      | Found a faded altar to an unknown god.
  2494 | D:4      | Reached XP level 5. HP: 43/46 MP: 4/4
  2614 | D:4      | Found Kohajaang's Assorted Antiques.
  2741 | D:4      | Found a glowing drain.
  2757 | D:4      | Reached skill level 5 in Armour
  2805 | Sewer    | Entered a sewer
  2874 | Sewer    | Reached skill level 5 in Shields
  2976 | Sewer    | Reached XP level 6. HP: 40/53 MP: 5/5
  3170 | D:4      | Found a staircase to the Ecumenical Temple.
  3179 | Temple   | Entered the Ecumenical Temple
  3226 | D:4      | Found a burning altar of Makhleb.
  3228 | D:4      | Reached * piety under Okawaru
  3765 | D:5      | Entered Level 5 of the Dungeon
  3890 | D:4      | Reached skill level 5 in Fighting
  4059 | D:5      | Reached XP level 7. HP: 37/61 MP: 6/6
  4135 | D:5      | Found Ykiwusam's Food Shoppe.
  4217 | D:5      | Reached skill level 6 in Armour
  4388 | D:5      | Reached ** piety under Okawaru
  4466 | D:5      | Found a bloodstained altar of Trog.
  4642 | D:6      | Found a sacrificial altar of Ru.
  4652 | D:6      | Reached skill level 5 in Long Blades
  4732 | D:6      | Reached XP level 8. HP: 69/69 MP: 7/7
  4818 | D:6      | Reached skill level 7 in Armour
  4893 | D:6      | Found a glowing golden altar of the Shining One.
  4933 | D:6      | Found Ciotow's Gadget Shop.
  4963 | D:6      | Found a bloodstained altar of Trog.
  5271 | D:7      | Reached *** piety under Okawaru
  5955 | D:7      | Reached **** piety under Okawaru
  5955 | D:7      | Reached skill level 5 in Dodging
  5955 | D:7      | Reached XP level 9. HP: 77/78 MP: 8/8
  6029 | D:7      | Reached skill level 1 in Stealth
  6336 | D:8      | Reached skill level 8 in Armour
  6635 | D:8      | Noticed a cyclops
  6645 | D:8      | HP: 3/79 [sheep[a cyclops] (8)]
  6645 | D:8      | Slain by a sheep

Skill      XL: |  1  2  3  4  5  6  7  8  9 |
---------------+----------------------------+-----
Armour         | 4 5 6 7 8 |  8.4
Fighting       | 4 5 6 7 |  7.3
Shields        | 4 5 6 7 |  7.9
Long Blades    | 3 4 5 6 7 |  7.3
Dodging        | 1 2 3 5 |  5.5
Stealth        | 1 |  1.1

Action                   |  1- 3 |  4- 6 |  7- 9 || total
-------------------------+-------+-------+-------++-------
Melee: Long sword        |   100 |   188 |    76 ||   364
       Headbutt          |    16 |    32 |    52 ||   100
       Scimitar          |       |       |   214 ||   214
  Use: Scroll            |       |    17 |    11 ||    28
       Potion            |       |       |     2 ||     2
  Eat: Chunk             |     1 |     9 |     9 ||    19
Armor: Scale mail        |    41 |     4 |       ||    45
       Chain mail        |       |   115 |   154 ||   269
Dodge: Dodged            |    33 |    72 |    95 ||   200
Block: Shield            |    51 |   109 |   168 ||   328
